 Dungeon Sprint DCSS version 0.31-a0-965-g8a8ce12e04 (webtiles) character file.

Game seed: 1493745380116110990

33086 rocky1 the Bludgeoner (level 13, -24/135 HPs)
             Began as a Naga Fighter on Oct 27, 2023.
             Was a High Priest of Cheibriados.
             Killed from afar by a red draconian scorcher (51 damage)
             ... with a searing blast
             ... in the Dungeon (Sprint VII: "The Pits").
             The game lasted 00:12:54 (6160 turns).

rocky1 the Bludgeoner (Naga Fighter)                Turns: 6160, Time: 00:12:55

Health: -24/135    AC: 17    Str: 36    XL:     13   Next: 68%
Magic:  22/22      EV: 20    Int: 26    God:    Cheibriados [*****.]
Gold:   15         SH:  9    Dex: 26    Spells: 12/12 levels left

rFire   . . .        y - +9 sacred scourge (holy)
rCold   . . .        c - +0 buckler
rNeg    . . .        u - +4 scale mail
rPois   +            (no helmet)
rElec   .            (no cloak)
rCorr   .            t - +0 pair of gloves
SInv    +            (no barding)
Will    +....        (no amulet)
Stlth   +            q - +3 ring of evasion
HPRegen 0.42/turn    r - +3 ring of intelligence
MPRegen 0.18/turn

%: no teleportation
@: glowing, very slow
A: AC +4, large, see invisible, deformed body, poison resistance, slowness 2,
spit poison 1, naga tail 2
a: Spit Poison, Renounce Religion, Bend Time, Temporal Distortion, Slouch, Step
From Time


You were in the Dungeon.
You worshipped Cheibriados.
Cheibriados was extremely pleased with you.
You visited 1 branch You collected 15 gold pieces.

Inventory:

Hand Weapons
 a - a +1 heavy broad axe
 p - a +1 flail of protection
 y - a +9 sacred scourge of holy wrath (weapon)
Armour
 c - a +0 buckler (worn)
 t - a +0 pair of gloves (worn)
 u - a +4 scale mail (worn)
 z - a +0 tower shield
 A - a +1 cloak
Jewellery
 q - a +3 ring of evasion (left hand)
 r - a +3 ring of intelligence (right hand)
 x - a ring of willpower
Scrolls
 b - a scroll of enchant weapon
 j - 2 scrolls of blinking
 l - 2 scrolls of vulnerability
 m - 6 scrolls of amnesia
 n - a scroll of summoning
 o - 4 scrolls of identify
 v - a scroll of fog
 w - 2 scrolls of enchant armour
Potions
 d - a potion of might
 e - 7 potions of curing
 f - 21 potions of heal wounds
 g - 3 potions of haste
 h - 2 potions of magic
 i - 4 potions of berserk rage
 k - 2 potions of invisibility
 s - 3 potions of mutation


   Skills:
 + Level 14.0 Fighting
 * Level 11.7(15.6) Axes
 + Level 16.6(18.0) Maces & Flails
 + Level 15.0 Armour
 + Level 11.0 Dodging
 - Level 5.7 Stealth
 + Level 12.4 Shields
 - Level 12.4 Invocations


You had 12 spell levels left.
You didn't know any spells.
Your spell library contained the following spells:

 Spells                   Type           Power      Damage    Failure   Level
 Agony                    Necr           0%         N/A       99%         5
 Alistair's Intoxication  Tmut/Pois      0%         N/A       99%         5
 Freezing Cloud           Conj/Ice/Air   0%         6-21      99%         5
 Summon Forest            Summ/Tloc      0%         N/A       99%         5


Dungeon Overview and Level Annotations

Branches:
Dungeon (1/1)

Altars:
Ashenzari
Cheibriados
Dithmenos
Elyvilon
Fedhas
Gozag
Hepliaklqana
Kikubaaqudgha
Makhleb
Nemelex Xobeh
Okawaru
Qazlal
Ru
Sif Muna
Trog
Uskayaw
Vehumet
Wu Jian
Xom
Yredelemnul
Zin
The Shining One
Jiyva
Lugonu


Innate Abilities, Weirdness & Mutations

Your serpentine skin is tough. (AC +4)
You have supernaturally acute eyesight. (SInv)
Armour fits poorly on your strangely shaped body.
Your system is resistant to poisons. (rPois)
You cover ground very slowly.
You can spit poison.
You can use your snake-like lower body to constrict enemies.


Message History

You kill the red draconian scorcher!
Cheibriados appreciates the change of pace.
You kill the vault guard!
Cheibriados appreciates the change of pace.
Cheibriados raises the support of your attributes as your movement slows.
You kill the deep elf demonologist!
Cheibriados appreciates the change of pace.
The green death disappears in a puff of smoke!
Cheibriados lowers the support of your attributes as your movement quickens.
Your Fighting skill increases to level 14!
Your Armour skill increases to level 15!
Unknown command.
You are too injured to fight recklessly!
You are too injured to fight recklessly!
Activating: Slouch (1% risk of failure)
Press: ? - help, Dir - look around, f - activate You can feel time thicken for a moment.
You kill the occultist!
Cheibriados appreciates the change of pace.
Cheibriados raises the support of your attributes as your movement slows.
Cheibriados lowers the support of your attributes as your movement quickens.
The daeva calls down the wrath of the Shining One upon you.
The Shining One smites you!
Your Dodging skill increases to level 11!
Unknown command.
Okay, then.
Magic courses through your body.
A red draconian scorcher comes into view.
It is wielding a +2 long sword of protection.
Activating: Slouch (1% risk of failure)
Press: ? - help, Dir - look around, f - activate
Okay, then.
A white draconian comes into view. It is wielding a +0 dire flail.
The red draconian scorcher gestures at you while chanting.
The sphere of damnation explodes!
The damnation engulfs you!
The daeva calls down the wrath of the Shining One upon you.
The Shining One smites you!
* * * LOW HITPOINT WARNING * * *
The red draconian scorcher breathes fire at you.
The searing blast hits you!!!
You die...

#..# #''#
######))#
#....[).#
...#..)..#
.. ##).))#
..d.#...).#
#......)..#
#....#.@.#
....###..#
.... #q..#
... )A..##
.#.)).###
##..# #..#
...# ###


You could see a daeva, a white draconian (wandering) and a red draconian
scorcher (catching breath).

Vanquished Creatures
  Mennas (D)
  Frances (D)
  2 nagarajas (D)
  A draconian knight (D)
  A draconian monk (D)
  A draconian scorcher (D)
  A draconian stormcaller (D)
  2 deep elf demonologists (D)
  A deep elf high priest (D)
  A vault guard (D)
  An ogre mage (D)
  Erica (D)
  A boulder beetle (D)
  A death yak (D)
  A demonic crawler (D)
  3 hell hogs (D)
  2 vampire magi (D)
  6 hell knights (D)
  2 occultists (D)
  An orc high priest (D)
  A sea snake (D)
  A shadow wraith (D)
  A lindwurm (D)
  A deep elf zephyrmancer (D)
  A phantasmal warrior (D)
  2 cyclopes (D)
  An elephant (D)
  A naga mage (D)
  A molten gargoyle (D)
  2 rust devils (D)
  A cane toad (D)
  A rime drake (D)
  An unseen horror (D)
  A kobold demonologist (D)
  3 freezing wraiths (D)
  2 red devils (D)
  A troll (D)
  A snapping turtle (D)
  A glass eye (D)
  A jumping spider (D)
  A spriggan (D)
  A vampire (D)
  A yak (D)
  A ynoxinul (D)
  A wyvern (D)
  A basilisk (D)
  A small abomination (D)
  2 vampire mosquitoes (D)
  A neqoxec (D)
  A redback (D)
  A warg (D)
  2 orc warriors (D)
  An ogre (D)
  3 centaurs (D)
  A wandering mushroom (D)
  A gnoll sergeant (D)
  A scorpion (D)
  A crimson imp (D)
  2 jellies (D)
  An iron imp (D)
  An orc wizard (D)
  A mummy (D)
  5 gnolls (D)
  An adder (D)
  2 river rats (D)
  An ufetubus (D)
  2 adder skeletons (D)
  11 orcs (D)
  4 hobgoblins (D)
  2 quokkas (D)
  A ball python skeleton (D)
  A frilled lizard (D)
  A jackal skeleton (D)
  3 rats (D)
117 creatures vanquished.

Notes
Turn   | Place    | Note
-------+----------+-------------------------------------------
     0 | D        | rocky1 the Naga Fighter began the quest for the Orb.
     0 | D        | Reached XP level 1. HP: 21/21 MP: 1/1
    17 | D        | Reached XP level 2. HP: 16/30 MP: 2/2
    21 | D        | Found a bloodstained altar of Trog.
    21 | D        | Found a shimmering blue altar of Sif Muna.
    21 | D        | Found a viscous altar of Jiyva.
    21 | D        | Found a hazy altar of Hepliaklqana.
    21 | D        | Found an opulent altar of Gozag.
    22 | D        | Found a glowing golden altar of the Shining One.
    22 | D        | Found a glowing silver altar of Zin.
    22 | D        | Found a basalt altar of Yredelemnul.
    22 | D        | Found a shimmering altar of Xom.
    22 | D        | Found an ornate altar of the Wu Jian Council.
    22 | D        | Found a sacrificial altar of Ru.
    22 | D        | Found a stormy altar of Qazlal.
    22 | D        | Found an iron altar of Okawaru.
    22 | D        | Found a sparkling altar of Nemelex Xobeh.
    22 | D        | Found a burning altar of Makhleb.
    22 | D        | Found a blossoming altar of Fedhas.
    22 | D        | Found a white marble altar of Elyvilon.
    22 | D        | Found a shadowy altar of Dithmenos.
    22 | D        | Found a snail-covered altar of Cheibriados.
    25 | D        | Found a corrupted altar of Lugonu.
    25 | D        | Found a radiant altar of Vehumet.
    26 | D        | Found an ancient bone altar of Kikubaaqudgha.
    26 | D        | Found a hide-covered altar of Uskayaw.
    26 | D        | Found a broken altar of Ashenzari.
    33 | D        | Became a worshipper of Cheibriados the Contemplative
    74 | D        | Reached skill level 1 in Invocations
    76 | D        | Reached * piety under Cheibriados
    77 | D        | Reached XP level 3. HP: 25/37 MP: 2/4
   231 | D        | Reached ** piety under Cheibriados
   439 | D        | Reached *** piety under Cheibriados
   440 | D        | Noticed a glass eye
   454 | D        | Killed a glass eye
   455 | D        | Reached skill level 5 in Fighting
   455 | D        | Reached skill level 5 in Maces & Flails
   455 | D        | Reached skill level 5 in Armour
   455 | D        | Reached XP level 4. HP: 48/48 MP: 4/7
   455 | D        | Reached XP level 5. HP: 55/55 MP: 4/8
   516 | D        | Noticed a centaur
   517 | D        | Noticed an orc warrior
   532 | D        | Killed an orc warrior
   532 | D        | Reached **** piety under Cheibriados
   533 | D        | Reached skill level 6 in Maces & Flails
   533 | D        | Reached skill level 1 in Dodging
   533 | D        | Reached skill level 5 in Invocations
   533 | D        | Reached XP level 6. HP: 43/62 MP: 8/10
   540 | D        | Reached skill level 7 in Maces & Flails
   540 | D        | Reached skill level 5 in Shields
   544 | D        | Reached ***** piety under Cheibriados
   548 | D        | Reached XP level 7. HP: 34/70 MP: 11/11
   873 | D        | Reached skill level 8 in Maces & Flails
   975 | D        | Noticed a yak
   982 | D        | Killed a yak
   992 | D        | Reached skill level 9 in Maces & Flails
   998 | D        | Reached ****** piety under Cheibriados
  1126 | D        | Reached XP level 8. HP: 76/80 MP: 13/13
  1267 | D        | Noticed a freezing wraith
  1275 | D        | HP: 2/80 [freezing wraith (16)]
  1276 | D        | Killed a freezing wraith
  1277 | D        | Reached skill level 10 in Maces & Flails
  1612 | D        | Noticed a sea snake
  1621 | D        | Killed a sea snake
  1622 | D        | Reached skill level 1 in Stealth
  1711 | D        | Noticed a lindwurm
  1711 | D        | Noticed a deep elf zephyrmancer
  1722 | D        | Killed a lindwurm
  1722 | D        | Killed a deep elf zephyrmancer
  1723 | D        | Reached skill level 11 in Maces & Flails
  1723 | D        | Reached XP level 9. HP: 42/88 MP: 5/17
  1957 | D        | Noticed an orc high priest
  1964 | D        | Noticed a sun demon
  1964 | D        | Noticed a red devil
  1964 | D        | Killed an orc high priest
  1965 | D        | Reached XP level 10. HP: 67/97 MP: 12/19
  2250 | D        | Reached skill level 5 in Dodging
  2472 | D        | Noticed a vampire mage
  2475 | D        | Reached skill level 12 in Maces & Flails
  2478 | D        | Killed a vampire mage
  2479 | D        | Reached skill level 10 in Armour
  2536 | D        | Noticed a cane toad
  2543 | D        | Killed a cane toad
  2654 | D        | Noticed a molten gargoyle
  2655 | D        | Noticed Erica
  2657 | D        | Killed a molten gargoyle
  2670 | D        | Killed Erica
  2671 | D        | Reached skill level 13 in Maces & Flails
  3095 | D        | Noticed a cyclops
  3103 | D        | Killed a cyclops
  3104 | D        | Reached XP level 11. HP: 23/108 MP: 14/20
  3458 | D        | Noticed a demonic crawler
  3459 | D        | Noticed a boulder beetle
  3461 | D        | Killed a demonic crawler
  3461 | D        | Killed a boulder beetle
  3462 | D        | Reached skill level 10 in Fighting
  3471 | D        | Reached skill level 1 in Axes
  3480 | D        | Noticed a phantasmal warrior
  3493 | D        | Killed a phantasmal warrior
  3494 | D        | Reached skill level 14 in Maces & Flails
  3497 | D        | Noticed a soul eater
  3500 | D        | Noticed a soul eater
  4134 | D        | Got Practical Theurgy
  4206 | D        | Noticed a shadow wraith
  4207 | D        | Noticed a cyclops
  4218 | D        | Killed a shadow wraith
  4257 | D        | Killed a cyclops
  4258 | D        | Reached skill level 5 in Stealth
  4577 | D        | Noticed a hell hog
  4577 | D        | Noticed a hell hog
  4577 | D        | Noticed a hell hog
  4580 | D        | Killed a hell hog
  4580 | D        | Killed a hell hog
  4580 | D        | Killed a hell hog
  4581 | D        | Reached skill level 5 in Axes
  4581 | D        | Reached XP level 12. HP: 36/120 MP: 10/21
  5169 | D        | Reached skill level 15 in Maces & Flails
  5390 | D        | Noticed a death yak
  5406 | D        | Killed a death yak
  5575 | D        | Noticed Mennas
  5575 | D        | Noticed a hell knight
  5575 | D        | Noticed a hell knight
  5575 | D        | Noticed a hell knight
  5575 | D        | Noticed a hell knight
  5575 | D        | Noticed a hell knight
  5575 | D        | Noticed a hell knight
  5575 | D        | Noticed a deep elf high priest
  5575 | D        | Noticed a black draconian knight
  5575 | D        | Noticed a green draconian monk
  5577 | D        | Killed a hell knight
  5577 | D        | Killed a hell knight
  5577 | D        | Noticed a white draconian stormcaller
  5577 | D        | Noticed a nagaraja
  5578 | D        | Killed a hell knight
  5578 | D        | Killed a hell knight
  5578 | D        | Killed a black draconian knight
  5578 | D        | Killed a hell knight
  5578 | D        | Killed a deep elf high priest
  5579 | D        | Reached skill level 10 in Shields
  5579 | D        | Killed Mennas
  5579 | D        | Killed a hell knight
  5580 | D        | Gained mutation: You can use your snake-like lower body to
                  | constrict enemies. [Naga growth]
  5580 | D        | Reached XP level 13. HP: 107/130 MP: 1/22
  5581 | D        | Killed a green draconian monk
  5582 | D        | Reached skill level 16 in Maces & Flails
  5582 | D        | Noticed Frances
  5582 | D        | Killed a white draconian stormcaller
  5582 | D        | Killed a nagaraja
  5583 | D        | Reached skill level 10 in Axes
  5583 | D        | Reached skill level 10 in Dodging
  5696 | D        | Noticed a deep elf demonologist
  5703 | D        | Killed a deep elf demonologist
  5955 | D        | Noticed a nagaraja
  5966 | D        | Killed Frances
  5967 | D        | Killed a nagaraja
  6143 | D        | Noticed a red draconian scorcher
  6154 | D        | Noticed a daeva
  6154 | D        | Noticed a vault guard
  6155 | D        | Noticed a deep elf demonologist
  6157 | D        | Noticed a green death
  6157 | D        | Killed a red draconian scorcher
  6157 | D        | Killed a vault guard
  6157 | D        | Killed a deep elf demonologist
  6158 | D        | Reached skill level 15 in Armour
  6159 | D        | Noticed a red draconian scorcher
  6160 | D        | Noticed a white draconian
  6160 | D        | Killed from afar by a red draconian scorcher

Illustrated notes

Levels and vault maps discovered:
D:        pitsprint [storerooms_1, entrance_room_1, metal_vault_6, armoury_2,
          mini_pit_1, grid_room_1, main_hall_1, silver_pit, the_coven_2,
          the_vestibule_1, steel_vault_1, golden_pit, hallway_of_sentries,
          crystal_vault_1, iron_vault_1, final_vault]

Skill      XL: |  1  2  3  4  5  6  7  8  9 10 11 12 13 |
---------------+----------------------------------------+-----
Fighting       | 4 5 6 7 8 9 11 12 14 | 14.0
Armour         | 3 5 6 7 8 9 11 12 14 15 | 15.0
Shields        | 3 4 5 6 7 9 11 12 | 12.4
Invocations    | 1 4 5 6 7 11 12 | 12.4
Maces & Flails | 5 6 7 9 11 13 14 15 16 | 16.6
Dodging        | 1 2 4 6 8 9 11 | 11.0
Stealth        | 2 3 4 5 |  5.7
Axes           | 5 9 11 | 11.7

Action                     |  1- 3 |  4- 6 |  7- 9 | 10-12 | 13-15 || total
---------------------------+-------+-------+-------+-------+-------++-------
  Melee: Flail             |    34 |    22 |    70 |   154 |    13 ||   293
         Constrict         |       |       |       |       |     5 ||     5
         Sacred scourge    |       |       |       |       |     4 ||     4
 Invoke: Slouch            |       |       |     6 |    21 |     9 ||    36
    Use: Potion            |       |     2 |       |       |     3 ||     5
         Scroll            |       |       |       |       |     5 ||     5
   Stab: Distracted        |       |       |       |       |     1 ||     1
 Armour: Scale mail        |    12 |    27 |    40 |   125 |    13 ||   217
  Dodge: Dodged            |     7 |    16 |    33 |   157 |     7 ||   220
  Block: Buckler           |     7 |    14 |    18 |    69 |     6 ||   114

Table legend: (Time is in decaauts)
 A = Elapsed time spent in this place.
 B = Non-inter-level travel time spent in this place.
 C = Inter-level travel time spent in this place.
 D = Time resting spent in this place.
 E = Time spent auto-exploring this place.
 F = Levels seen in this place.
 G = Mean time per level.
                   A        B        C        D        E       F      G
               +--------+--------+--------+--------+--------+-----+--------+
         Total |   7172 |   7006 |    166 |   5074 |      0 |   1 | 7172.0 |
       Dungeon |   7172 |   7006 |    166 |   5074 |      0 |   1 | 7172.0 |
               +--------+--------+--------+--------+--------+-----+--------+

Top non-repeatable levels by time:
       D: 7172 daAuts
